 Dungeon Crawl Stone Soup version 0.29.0-11-gd7f09526c8 (webtiles) character file.

Game seed: 13877198355492285615

583 sanka the Insei (level 7, 58/59 HPs)
             Began as a Red Draconian Monk on Sept 3, 2022.
             Was a Believer of Makhleb.
             Quit the game on level 5 of the Dungeon.
             The game lasted 00:07:50 (5391 turns).

sanka the Insei (Red Draconian Monk)                Turns: 5391, Time: 00:07:51

Health: 58/59      AC:  8    Str: 13    XL:     7   Next: 14%
Magic:  7/7        EV: 13    Int: 15    God:    Makhleb [**....]
Gold:   133        SH:  0    Dex: 19    Spells: 1/6 levels left

rFire   + . .      SeeInvis .   p - +8 whip of Death {freeze, Int+2}
rCold   . . .      Faith    .   (no shield)
rNeg    + . .      Spirit   .   (body armour unavailable)
rPois   .          Reflect  .   (helmet restricted)
rElec   .          Harm     .   (no cloak)
rCorr   .          Rampage  .   j - +0 pair of gloves
Will    .....                   l - +0 pair of boots
Stlth   ++........              (no amulet)
HPRegen 0.19/turn               t - ring of positive energy
MPRegen 0.10/turn               s - +6 ring of dexterity

@: no status effects
A: breathe fire, AC +6, unfitting armour, fire resistance 1, cold-blooded
a: Breathe Fire, Renounce Religion, Minor Destruction


You were on level 5 of the Dungeon.
You worshipped Makhleb.
Makhleb was pleased with you.
You visited 2 branches of the dungeon, and saw 6 of its levels.

You collected 255 gold pieces.
You spent 122 gold pieces at shops.


Innate Abilities, Weirdness & Mutations

You can breathe blasts of fire.
Your fiery red scales are hard. (AC +6)
You cannot fit into any form of body armour.
Your flesh is heat resistant. (rF+)
You are cold-blooded and may be slowed by cold attacks.


   Skills:
 + Level 4.3 Fighting
 + Level 3.2 Dodging
 - Level 1.7 Stealth
 * Level 7.6 Unarmed Combat


You had one spell level left.
You knew the following spells:

 Your Spells              Type           Power      Damage    Failure   Level
s - Swiftness             Air            0%         N/A       63%         3
N - Passwall              Tmut/Erth      0%         N/A       38%         2

Your spell library contained the following spells:

 Spells                   Type           Power      Damage    Failure   Level
 Ensorcelled Hibernation  Hex/Ice        0%         N/A       38%         2
 Poisonous Vapours        Pois/Air       0%         N/A       38%         2
 Corpse Rot               Necr/Pois/Air  0%         N/A       95%         4

Inventory:

Hand Weapons
 p - the +8 whip of Death (weapon) {freeze, Int+2}

   It freezes those it strikes, dealing additional cold damage.
   It can also slow down cold-blooded creatures.
   Int:       It affects your intelligence (+2).
Armour
 j - a +0 pair of gloves (worn)
 l - a +0 pair of boots (worn)
Jewellery
 s - a +6 ring of dexterity (right hand)
 t - a ring of positive energy (left hand)
Wands
 o - a wand of roots (16)
Scrolls
 b - a scroll of magic mapping {unknown}
 e - a scroll of amnesia {unknown}
 g - a scroll of poison {!r}
 h - a scroll of summoning
 i - 4 scrolls of teleportation {@r4}
 k - 2 scrolls of immolation {!r}
 m - 2 scrolls of fear
 q - a scroll of blinking
 r - 2 scrolls of identify {@r1}
Potions
 a - a potion of ambrosia
 c - a potion of degeneration {unknown}
 d - 2 potions of cancellation {unknown}
 f - 5 potions of curing {unknown}
 n - a potion of lignification {unknown}
 u - a potion of mutation {unknown}
 v - a potion of brilliance {unknown}

Dungeon Overview and Level Annotations

Branches:
Dungeon (5/15)             Temple (1/1) D:4

Altars:
Ashenzari
Cheibriados
Elyvilon
Fedhas
Gozag
Hepliaklqana
Kikubaaqudgha
Makhleb
Okawaru
Qazlal
Sif Muna
Trog
Uskayaw
Wu Jian
Xom
Yredelemnul

Shops:
D:2 ?*[(

Annotations:
D:3 Sigmund

..▒.▒.....▒ ▒▒▒▒+▒▒▒▒▒▒
▒.▒.▒.....▒ ..........▒
▒.▒.▒.....▒ ..........▒
▒.▒.▒.....▒
..........▒▒▒.▒.▒.....▒▒
................'.....'.
...........▒▒.▒.▒.....▒▒
▒.............▒.▒.....▒
▒d......▒.▒▒▒▒▒▒▒
▒▒▒▒▒▒▒.....▒.▒.▒
.....<▒.(...▒.▒.▒
▒▒▒.........▒.▒.▒
▒.............▒.▒▒▒▒▒▒▒▒
▒▒.........▒▒▒▒.▒▒......
▒.........▒ ▒.▒.▒.....
▒.........▒▒▒▒.▒▒.▒....
▒..............▒▒▒.▒...


There were no monsters in sight!


Message History

Aim: Menkaure (dormant)
The puff of flame hits Menkaure.
Menkaure is lightly damaged.
Menkaure shouts!
Use which ability? (? or * to list)
Aiming: Minor Destruction (24% risk of failure)
Aim: Menkaure (lightly damaged)
The glob of acid hits Menkaure!
Menkaure is heavily damaged.
Use which ability? (? or * to list)
Aiming: Minor Destruction (24% risk of failure)
Aim: Menkaure (heavily damaged)
You fail to use your ability.
Use which ability? (? or * to list)
Aiming: Minor Destruction (24% risk of failure)
Aim: Menkaure (heavily damaged)
You fail to use your ability.
You whack Menkaure! You freeze Menkaure.
Menkaure is almost destroyed.
You hit Menkaure.
You destroy Menkaure!
Makhleb accepts your kill.
You have reached level 7!
Your scales start taking on a fiery red colour.
You learn Fire Magic much quicker.
You learn Ice Magic much slower.
You can breathe blasts of fire.
You feel resistant to heat.
Are you sure you want to abandon this character and quit the game? (Confirm with "yes".)

Action                   |  1- 3 |  4- 6 |  7- 9 || total
-------------------------+-------+-------+-------++-------
Melee: Unarmed           |   139 |   179 |       ||   318
       Tailslap          |    19 |    28 |       ||    47
       Punch             |     7 |     5 |       ||    12
       Whip              |       |    37 |       ||    37
Invok: Minor Destruction |       |     2 |       ||     2
  Use: Scroll            |       |     4 |       ||     4
 Stab: Sleeping          |     2 |     4 |       ||     6
       Distracted        |       |     1 |       ||     1
Armor: Skin              |    41 |    55 |       ||    96
Dodge: Dodged            |    84 |   108 |       ||   192

Levels and vault maps discovered:
D:1:      minmay_arrival_four_houses, layout_loops_ring, basic_ecumenical_altar,
          wad_floor_pattern_1
D:2:      layout_basic, serial_shops, nicolae_shop_trees, shop, shop, shop,
          minmay_guardbox
D:3:      layout_rooms, nicolae_sif_muna_little_library,
          mainiacjoe_overflow_alcove_1, st_stairs_11, minmay_splitting_lines,
          uniq_sigmund, uniq_jessica
D:4:      layout_basic, nicolae_hepliaklqana_hazy_memory,
          minmay_temple_entry_butterflies
D:5:      wad_pebble_path, layout_basic, uniq_menkaure
Temple:   nicolae_temple_bog_church

Notes
Turn   | Place    | Note
-------+----------+-------------------------------------------
     0 | D:1      | sanka the Draconian Monk began the quest for the Orb.
     0 | D:1      | Reached XP level 1. HP: 19/19 MP: 1/1
   381 | D:1      | Found a faded altar of an unknown god.
   438 | D:1      | Reached XP level 2. HP: 26/26 MP: 2/2
   867 | D:2      | Reached skill level 4 in Unarmed Combat
   913 | D:2      | Reached XP level 3. HP: 29/31 MP: 3/3
  1316 | D:2      | Found Tacaycai's Antique Weapon Shop.
  1345 | D:2      | Reached XP level 4. HP: 38/38 MP: 4/4
  1377 | D:2      | Reached skill level 5 in Unarmed Combat
  1787 | D:2      | Found Xirunoul's General Store.
  1795 | D:2      | Bought a scroll of identify for 20 gold pieces
  1795 | D:2      | Bought a scroll of teleportation for 30 gold pieces
  1795 | D:2      | Bought a scroll of identify for 20 gold pieces
  1798 | D:2      | Found Vuasso's Magic Scroll Shoppe.
  1859 | D:2      | Found Fuel's Antique Armour Emporium.
  2620 | D:3      | Noticed Sigmund
  2685 | D:3      | Reached XP level 5. HP: 45/45 MP: 5/5
  2718 | D:3      | Found an ancient bone altar of Kikubaaqudgha.
  2838 | D:2      | Bought a scroll of fear for 52 gold pieces
  2954 | D:3      | Reached skill level 6 in Unarmed Combat
  3063 | D:3      | Noticed Jessica
  3072 | D:3      | Killed Jessica
  3272 | D:3      | Reached XP level 6. HP: 51/51 MP: 6/6
  3301 | D:3      | Found a shimmering blue altar of Sif Muna.
  3495 | D:4      | Found a staircase to the Ecumenical Temple.
  3636 | D:4      | Found a hazy altar of Hepliaklqana.
  3720 | Temple   | Entered the Ecumenical Temple
  3921 | Temple   | Became a worshipper of Makhleb the Destroyer
  3921 | Temple   | Reached * piety under Makhleb
  3921 | Temple   | Reached ** piety under Makhleb
  3959 | D:4      | Identified the +8 whip of Death {freeze, Int+2}
  4292 | D:4      | Reached skill level 7 in Unarmed Combat
  4836 | D:5      | Entered Level 5 of the Dungeon
  5042 | D:5      | Reached skill level 4 in Fighting
  5042 | D:5      | Reached skill level 3 in Dodging
  5166 | D:5      | Learned a level 2 spell: Passwall
  5170 | D:5      | Learned a level 3 spell: Swiftness
  5384 | D:5      | Noticed Menkaure
  5390 | D:5      | Killed Menkaure
  5391 | D:5      | Your scales start taking on a fiery red colour.
  5391 | D:5      | Reached XP level 7. HP: 58/59 MP: 7/7
  5391 | D:5      | Gained mutation: Your flesh is heat resistant. (rF+) [Red
                  | Draconian growth]
  5391 | D:5      | Quit the game

Vanquished Creatures
  Menkaure (D:5)
  An ogre (D:5)
  A necrophage (D:3)
  2 hounds
  An orc priest (D:3)
  Jessica (D:3)
  An iguana (D:4)
  6 adders
  3 worms
  2 dart slugs
  15 orcs
  9 endoplasms
  4 giant cockroaches
  5 goblins
  8 hobgoblins
  A jackal (D:2)
  7 quokkas
  11 ball pythons
  7 bats
  4 frilled lizards
  6 kobolds
  8 rats
104 creatures vanquished.
